Map: [EWC] Amphion

Players

Serral

  • Race: Zerg Zerg
  • Spawn Location: 11:00

Clem - Winner!

  • Race: Terran Terran
  • Spawn Location: 7:00

Event: Esports World Cup 2024

VOD

Have the link to the VOD?

Description

Time

  • Played on: Aug. 15, 2024, 2:20 p.m.
  • Length: 18:31

All games in this series

Show
View Real Time Build Order
Export as new Build Order

Serral Zerg 

Build Orders: Hatch First 

Get SALT Encoding   

  12  0:00  Drone  
  13  0:08  Drone  
  14  0:15  Extractor  
  14  0:16  Drone  
  15  0:38  Hatchery  
  14  0:43  Extractor  
  14  0:44  Drone  
  15  0:50  Overlord  
  15  1:05  Spawning Pool  
  15  1:09  Drone  
  15  1:13  Drone  
  15  1:16  Drone  
  17  1:20  Drone  
  18  1:31  Drone  
  19  1:42  Drone  
  20  1:51  Drone, Queen  
  20  1:52  Queen  
  25  1:57  Overlord  
  25  2:01  Drone  
  25  2:03  Drone  
  27  2:12  Drone  
  28  2:16  Drone  
  29  2:23  Extractor  
  29  2:26  Drone  
  29  2:27  Spore Crawler, Drone  
  29  2:32  Queen x2  
  34  2:38  Overlord  
  34  2:39  Drone  
  35  2:52  Extractor  
  35  2:53  Drone x2  
  36  3:00  Drone  
  36  3:02  Drone, Extractor  
  36  3:03  Hatchery, Drone  
  37  3:08  Drone x2  
  37  3:11  Drone x2  
  42  3:12  Drone  
  42  3:15  Drone  
  42  3:19  Overlord  
  43  3:26  Roach Warren  
  43  3:27  Drone  
  43  3:28  Drone  
  43  3:33  Extractor  
  43  3:36  Drone  
  44  3:42  Drone x2  
  44  3:44  Drone x2  
  44  3:47  Spore Crawler  
  47  3:48  Drone x3  
  47  3:54  Spore Crawler  
  47  3:55  Overlord  
  50  3:57  Drone  
  50  3:59  Drone  
  50  4:02  Spore Crawler  
  52  4:07  Overlord  
  52  4:16  Roach x2  
  57  4:18  Queen  
  57  4:23  Drone x2  
  57  4:24  Drone x5  
  65  4:27  Lair  
  65  4:29  Roach  
  68  4:31  Overlord  
  68  4:34  Drone  
  68  4:36  Drone  
  68  4:37  Drone  
  71  4:41  Drone  
  71  4:45  Drone  
  73  4:49  Overlord  
  73  4:50  Spore Crawler x2, Extractor  
  73  4:51  Extractor  
  69  4:54  Roach x2  
  69  4:56  Spore Crawler  
  69  4:57  Drone  
  73  5:03  Drone  
  73  5:05  Overlord  
  74  5:08  Drone x3  
  74  5:09  Drone, Evolution Chamber  
  74  5:10  Drone, Evolution Chamber  
  74  5:12  Drone  
  78  5:15  Drone  
  78  5:20  Drone x2  
  80  5:23  Drone x3  
  80  5:26  Overseer  
  80  5:27  Overseer  
  80  5:28  Drone x4  
  87  5:30  Evolution Chamber  
  87  5:31  Drone  
  89  5:35  Drone x2  
  89  5:36  Extractor x2  
  89  5:37  Overlord  
  89  5:38  Overlord  
  88  5:43  Zerg Ground Armor Level 1, Zerg Missile Weapons Level 1  
  88  5:45  Drone  
  88  5:47  Drone  
  90  5:51  Overlord  
  90  5:55  Hatchery  
  90  5:56  Overlord  
  91  6:04  Roach x4  
  91  6:05  Metabolic Boost  
  99  6:11  Roach x3  
  99  6:16  Overlord  
  99  6:17  Roach x2  
  107  6:21  Overlord  
  107  6:23  Roach x2  
  111  6:28  Spore Crawler  
  111  6:32  Glial Reconstitution  
  110  6:35  Nydus Network  
  110  6:36  Drone x2  
  110  6:37  Roach  
  110  6:38  Roach x3  
  119  6:45  Overlord  
  118  6:49  Roach x5  
  128  6:58  Overlord  
  128  6:59  Roach x3  
  134  7:02  Roach x2  
  134  7:04  Ravager x4  
  134  7:08  Roach x3  
  148  7:14  Roach x2  
  152  7:19  Roach x4  
  160  7:24  Nydus Canal  
  160  7:25  Roach  
  160  7:26  Roach  
  160  7:29  Overlord x2  
  160  7:36  Overlord  
  159  7:40  Nydus Canal  
  145  7:52  Roach  
  145  7:53  Roach x2  
  145  7:54  Roach x7  
  145  7:55  Roach  
  145  7:56  Roach  
  150  7:59  Nydus Canal  
  126  8:28  Overlord x3  
  124  8:35  Overlord, Roach x3  
  124  8:43  Hatchery  
  124  8:45  Queen x2  
  124  8:47  Ravager x7  
  124  8:48  Ravager x3  
  137  8:49  Roach  
  137  8:53  Roach  
  137  8:54  Roach x2  
  137  8:55  Roach x2  
  141  8:56  Roach x2  
  141  8:57  Roach x2  
  129  9:04  Nydus Canal  
  129  9:06  Roach  
  129  9:08  Roach  
  125  9:12  Hatchery  
  125  9:16  Roach  
  114  9:21  Queen  
  116  9:32  Tunneling Claws, Burrow  
  116  9:36  Hatchery  
  115  9:41  Drone x3  
  118  9:46  Zerg Missile Weapons Level 2  
  118  9:55  Zerg Ground Armor Level 2  
  118  10:01  Roach  
  118  10:02  Roach x2  
  124  10:08  Overlord x2  
  124  10:15  Roach x4  
  129  10:29  Roach  
  129  10:30  Roach x4  
  129  10:34  Ravager x2  
  139  10:46  Roach x5  
  149  10:50  Overseer  
  149  10:57  Roach x10  
  149  10:58  Infestation Pit  
  149  11:00  Roach x3  
  149  11:02  Overlord x3  
  149  11:03  Overlord  
  154  11:06  Nydus Canal  
  152  11:13  Drone x4  
  156  11:19  Zergling x12  
  163  11:26  Zergling x16  
  171  11:38  Hydralisk Den, Overlord, Infestation Pit  
  171  11:39  Extractor  
  170  11:40  Drone x2, Extractor  
  170  11:45  Drone x4  
  171  11:50  Zergling x20  
  173  11:57  Roach x5  
  173  11:59  Ravager x7  
  173  12:00  Ravager x2  
  182  12:13  Zergling x24  
  182  12:14  Roach  
  190  12:18  Nydus Canal  
  190  12:21  Hive  
  188  12:25  Zergling x6, Roach x2  
  188  12:27  Overlord  
  188  12:28  Roach x5  
  166  12:53  Hatchery  
  166  12:54  Roach  
  166  12:55  Roach x10  
  168  13:03  Roach x4  
  163  13:10  Ravager x2  
  162  13:24  Roach x8  
  170  13:30  Roach x8  
  170  13:31  Roach  
  170  13:32  Roach x4  
  161  13:34  Roach x2  
  161  13:38  Viper x2  
  169  13:41  Ravager  
  169  13:42  Ravager x4  
  172  13:53  Roach  
  172  13:54  Roach x3  
  170  13:55  Overseer  
  159  14:06  Zerg Ground Armor Level 3  
  161  14:10  Roach x4  
  167  14:21  Ravager x3  
  160  14:24  Roach x2  
  160  14:30  Roach x15  
  163  14:39  Roach x6  
  173  14:52  Nydus Canal  
  173  14:55  Roach x6  
  173  14:56  Zergling x2, Roach x2  
  173  14:57  Zergling x20  
  173  14:59  Hatchery  
  160  15:09  Zergling x20  
  161  15:18  Queen x3  
  161  15:20  Roach  
  144  15:23  Hydralisk x3  
  150  15:37  Roach x5  
  158  15:52  Muscular Augments  
  158  15:54  Hydralisk  
  160  16:04  Hatchery, Overlord  
  159  16:06  Hydralisk x2  
  159  16:10  Drone  
  159  16:11  Drone x2  
  162  16:16  Lurker Den  
  161  16:21  Hydralisk x2  
  165  16:29  Extractor  
  165  16:30  Drone x3  
  165  16:31  Drone, Extractor  
  167  16:34  Drone x2  
  166  16:41  Hydralisk  
  166  16:42  Hydralisk  
  168  16:56  Grooved Spines  
  168  16:58  Drone x3  
  168  16:59  Drone x3  
  172  17:05  Overseer  
  172  17:08  Drone  
  172  17:12  Hydralisk  
  175  17:16  Lurker x2  
  177  17:28  Lurker x6  
  182  17:38  Nydus Canal  
  181  17:46  Hydralisk  
  175  17:57  Lurker x3  
  176  18:07  Hydralisk x4  
Show
View Real Time Build Order
Export as new Build Order

Clem Terran - Winner!

Build Orders: Reaper Expand, Hellion Banshee 

Get SALT Encoding   

  12  0:00  SCV  
  13  0:12  SCV  
  14  0:17  Supply Depot  
  14  0:24  SCV  
  15  0:39  SCV  
  15  0:40  Barracks  
  16  0:45  Refinery  
  16  0:51  SCV  
  17  1:03  SCV  
  18  1:15  SCV  
  19  1:28  Orbital Command, Reaper  
  20  1:41  Command Center  
  20  1:49  Supply Depot  
  20  1:53  SCV  
  21  1:59  Marine  
  22  2:06  SCV  
  23  2:12  Factory  
  23  2:19  SCV  
  23  2:21  Barracks Reactor  
  24  2:31  SCV  
  25  2:42  Command Center  
  25  2:44  SCV  
  26  2:54  Orbital Command  
  26  2:56  SCV  
  27  3:04  Hellion  
  29  3:06  Hellion  
  29  3:08  SCV  
  29  3:12  Barracks Tech Lab  
  32  3:15  Refinery  
  32  3:20  Starport  
  32  3:22  SCV  
  32  3:25  SCV  
  34  3:29  Hellion  
  34  3:33  Hellion  
  38  3:35  SCV  
  38  3:37  SCV  
  40  3:47  SCV  
  41  3:49  SCV  
  41  3:51  Hellion  
  41  3:55  Orbital Command, Hellion  
  46  3:58  Barracks Tech Lab  
  46  4:01  SCV x2  
  48  4:05  Banshee  
  48  4:09  Cloaking Field  
  51  4:13  SCV  
  51  4:15  SCV  
  52  4:21  Marine  
  52  4:22  SCV  
  54  4:25  Barracks  
  54  4:26  SCV, Barracks  
  54  4:27  Factory Reactor  
  54  4:29  SCV  
  56  4:34  SCV  
  55  4:39  Supply Depot, Marine, Stimpack  
  55  4:42  SCV  
  55  4:43  SCV  
  58  4:46  SCV  
  58  4:50  Refinery  
  58  4:51  Engineering Bay  
  58  4:52  Engineering Bay  
  59  4:54  SCV  
  59  4:56  SCV  
  61  5:01  Marine, Banshee  
  61  5:03  Supply Depot  
  61  5:04  Refinery  
  61  5:06  SCV  
  66  5:08  SCV  
  66  5:09  Orbital Command  
  67  5:14  Barracks  
  67  5:17  Barracks  
  67  5:18  SCV  
  67  5:20  SCV, Terran Infantry Weapons Level 1  
  69  5:25  Terran Infantry Armor Level 1  
  69  5:26  Supply Depot, Marine x2  
  71  5:29  Marine  
  71  5:30  SCV  
  71  5:32  Marine  
  71  5:33  SCV  
  71  5:36  SCV  
  72  5:43  SCV  
  72  5:45  SCV, Marine  
  72  5:47  Supply Depot  
  72  5:48  SCV  
  76  5:50  Marine  
  76  5:51  Siege Tank  
  76  5:53  Supply Depot  
  76  5:54  Starport Reactor  
  76  5:55  Marine x2  
  76  5:56  SCV, Marine  
  84  6:00  SCV  
  84  6:02  Barracks Reactor  
  85  6:04  Barracks Reactor  
  85  6:08  Supply Depot  
  85  6:09  SCV x2  
  87  6:12  SCV  
  87  6:13  Supply Depot, Marine  
  87  6:15  Supply Depot, Marine x2  
  87  6:16  Marine  
  87  6:17  Marine  
  93  6:21  Combat Shield, SCV x2  
  93  6:24  SCV  
  93  6:25  Siege Tank  
  99  6:31  Medivac  
  101  6:33  SCV x2, Medivac  
  101  6:34  Supply Depot  
  101  6:35  Marine x2  
  101  6:36  Marine  
  101  6:37  Marine  
  101  6:39  Marine  
  110  6:41  SCV  
  110  6:43  Marine  
  110  6:44  Marine x2  
  110  6:45  Marine  
  110  6:46  Supply Depot  
  115  6:49  Factory  
  115  6:51  Refinery  
  115  6:53  Marine x2, Refinery  
  115  6:54  Supply Depot, Marine  
  115  7:00  Siege Tank  
  119  7:01  Supply Depot, SCV  
  119  7:02  SCV  
  119  7:03  SCV  
  119  7:05  Marine  
  123  7:12  Supply Depot, Armory  
  123  7:13  SCV, Marine  
  123  7:15  Marine, Medivac  
  127  7:18  Marine  
  127  7:20  Marine x2  
  127  7:21  Marine  
  132  7:26  Marine  
  132  7:27  Marine  
  132  7:29  Marine  
  131  7:33  Factory Tech Lab  
  131  7:34  Marine x2  
  131  7:36  Marine  
  136  7:37  Supply Depot  
  136  7:41  Marine  
  136  7:42  Marine x2  
  136  7:44  Marine  
  139  7:45  Marine  
  139  7:47  Marine  
  139  7:48  Medivac  
  137  7:52  Siege Tank, Marine x2  
  137  7:54  Marine  
  137  7:55  Siege Tank  
  132  7:59  Marine  
  132  8:00  SCV x2, Marine x2  
  132  8:06  Marine  
  132  8:07  Supply Depot  
  132  8:08  Marine x2  
  134  8:18  Supply Depot  
  125  8:28  Marine  
  125  8:30  Marine  
  125  8:32  Marine  
  125  8:33  Supply Depot, Siege Tank  
  126  8:36  Supply Depot  
  126  8:37  Marine x2  
  126  8:39  Medivac x2  
  130  8:41  Supply Depot  
  130  8:43  Supply Depot  
  130  8:46  Marine  
  130  8:48  Marine, Terran Infantry Weapons Level 2  
  131  8:49  Marine  
  131  8:53  Marine  
  131  8:55  Marine x2  
  122  9:04  Marine  
  122  9:05  Siege Tank  
  122  9:06  Marine  
  122  9:07  Marine  
  115  9:11  Marine  
  115  9:13  Marine x2  
  115  9:15  Medivac  
  115  9:20  Refinery  
  115  9:22  Marine  
  115  9:24  Marine  
  116  9:25  Marine  
  116  9:26  Terran Infantry Armor Level 2  
  116  9:29  Marine  
  116  9:31  Marine x2  
  120  9:37  Siege Tank  
  124  9:40  Marine  
  124  9:41  Command Center  
  124  9:43  Marine x2  
  127  9:46  Marine  
  127  9:50  Terran Vehicle Weapons Level 1  
  127  9:52  Factory Tech Lab  
  128  9:55  Marauder  
  128  9:56  Marine  
  131  10:00  Marine  
  131  10:03  Marine  
  131  10:05  Marine x2  
  135  10:09  Siege Tank  
  135  10:12  Siege Tank  
  135  10:13  Barracks  
  141  10:14  Barracks  
  141  10:18  Marine  
  142  10:25  Marine x2  
  142  10:26  Barracks Tech Lab  
  144  10:31  Marine x2  
  146  10:35  Marine  
  146  10:41  Supply Depot, Siege Tank  
  148  10:43  Marine x2  
  148  10:44  Siege Tank  
  148  10:47  Marine  
  148  10:49  Marine  
  157  10:50  Marauder  
  157  10:53  Marine  
  158  11:01  Marine  
  158  11:02  Barracks Tech Lab, Barracks Reactor  
  159  11:05  Sensor Tower  
  159  11:10  Missile Turret  
  156  11:17  Missile Turret  
  155  11:19  Orbital Command  
  150  11:25  Terran Infantry Weapons Level 3  
  144  11:33  Marine  
  144  11:37  Marine x2  
  144  11:40  Marine x2, Marauder  
  144  11:41  Siege Tank  
  144  11:46  Siege Tank  
  153  11:47  Marine  
  153  11:49  Marine x2  
  153  11:51  Marine  
  157  11:57  Marine x2  
  159  12:04  Terran Vehicle Weapons Level 2, Marine  
  157  12:18  Medivac  
  157  12:19  Command Center, Viking  
  157  12:21  Marine  
  162  12:26  Marine x2  
  162  12:27  Marine, Marauder  
  160  12:30  Marine  
  160  12:31  Marauder  
  160  12:35  Siege Tank  
  155  12:52  Siege Tank, Marine x2, Medivac  
  155  12:54  Marine  
  152  13:05  Marine x3  
  143  13:06  Marine x2  
  143  13:07  Siege Tank  
  143  13:10  Marine  
  143  13:11  Command Center  
  153  13:17  Marine x2  
  154  13:23  Marine x2  
  154  13:24  Siege Tank, Marauder  
  154  13:25  Marine  
  158  13:27  Marine  
  158  13:32  Concussive Shells, Marine  
  152  13:35  Marine x2  
  152  13:36  Barracks Tech Lab  
  152  13:39  Siege Tank  
  152  13:41  Marine x2  
  153  13:43  Marine  
  153  13:44  Ghost Academy  
  153  13:45  Marauder  
  158  13:51  Missile Turret  
  158  13:52  Marine, Marauder  
  158  13:55  Orbital Command, SCV  
  154  13:59  Marine  
  154  14:02  Marine  
  156  14:12  Marauder  
  156  14:16  Siege Tank  
  153  14:22  Siege Tank  
  152  14:24  Marine  
  152  14:30  SCV  
  152  14:31  Marine  
  153  14:34  SCV  
  154  14:38  SCV  
  154  14:51  Marine x2, Missile Turret, Marauder  
  151  14:53  Siege Tank  
  151  14:58  Siege Tank  
  151  14:59  Marine  
  155  15:00  Marine  
  155  15:03  Medivac  
  151  15:10  Marine  
  151  15:11  Ghost x2  
  142  15:18  Marine  
  142  15:21  SCV x2  
  141  15:22  Ghost  
  141  15:24  SCV  
  141  15:25  Siege Tank  
  145  15:31  Marine  
  145  15:35  Refinery  
  146  15:37  Refinery  
  146  15:39  Ghost  
  146  15:40  Marine, Ghost  
  146  15:42  Marine  
  152  15:43  Marine  
  152  15:48  SCV  
  152  15:49  SCV  
  155  15:50  Command Center  
  155  15:52  Ghost  
  157  15:59  SCV  
  158  16:07  SCV x2, Armory  
  158  16:08  Ghost  
  161  16:11  SCV  
  161  16:14  Marine x4  
  161  16:15  Marine x2  
  161  16:17  Ghost  
  168  16:26  Ghost  
  169  16:40  Marine  
  169  16:43  SCV x2  
  169  16:44  SCV, Missile Turret, Sensor Tower  
  169  16:46  Ghost, Neosteel Armor  
  173  16:51  Marine  
  160  16:54  Marine  
  160  16:57  Marine x2, Ghost  
  160  17:00  Siege Tank  
  168  17:08  Siege Tank, Marine  
  172  17:10  SCV  
  172  17:11  SCV  
  174  17:18  Medivac  
  174  17:21  Marine  
  177  17:23  Marine  
  177  17:24  Marine  
  177  17:25  Marine x2  
  177  17:26  Marine  
  182  17:32  Siege Tank  
  182  17:33  Marauder  
  182  17:37  Planetary Fortress  
  187  17:40  Marine x2, Marauder  
  191  17:49  Command Center  
  191  17:50  Reaper  
  192  17:56  Marine, Marauder  
Tags
 
Add a new tag
Caveats
  • Supply blocks, unpowered buildings, or Contaminate may cause inaccurate times.
  • Supply counts are checked every 10 seconds.